 Dungeon Crawl Stone Soup version 0.26.1-10-gdfb7c7de75 (webtiles) character file.

Game seed: 18001440691258031186

2614 Gabide the Reanimator (level 9, -4/62 HPs)
             Began as a Mummy Necromancer on Apr 12, 2021.
             Slain by a gnoll
             ... wielding a +0 halberd
              (13 damage)
             ... on level 7 of the Dungeon.
             The game lasted 00:21:52 (8438 turns).

Gabide the Reanimator (Mummy Necromancer)           Turns: 8438, Time: 00:21:53

Health: -4/62      AC: 17    Str: 11    XL:     9   Next: 34%
Magic:  1/21       EV: 13    Int: 17    God:
Gold:   230        SH:  0    Dex: 13    Spells: 12/25 levels left

rFire    . . .     SeeInvis .   d - +2 dire flail (vorpal)
rCold    + . .     Faith    .   (shield currently unavailable)
rNeg     + + +     Spirit   .   m - +2 robe {rF+}
rPois    ∞         Reflect  .   f - +2 helmet
rElec    .         Harm     .   i - +2 cloak
rCorr    .         Rampage  .   k - +1 pair of gloves
Will     +....                  b - +0 pair of boots
Stlth    ++........             (no amulet)
HPRegen  0.20/turn              p - +4 ring of protection
MPRegen  0.17/turn              a - ring of flight

@: no status effects
A: no potions, fire vulnerability, cold resistance 1, negative energy resistance
3, torment resistance, unbreathing
a: Evoke Flight


You were on level 7 of the Dungeon.
You visited 1 branch of the dungeon, and saw 7 of its levels.

You collected 346 gold pieces.
You spent 116 gold pieces at shops.

Inventory:

Hand Weapons
 d - a +2 vorpal dire flail (weapon)
Armour
 b - a +0 pair of boots (worn)
 f - a +2 helmet (worn)
 i - a +2 cloak (worn)
 k - a +1 pair of gloves (worn)
 m - a +2 robe of fire resistance (worn)
Jewellery
 a - a ring of flight (right hand)
 j - an uncursed ring of fire
 o - an uncursed ring of magical power {unknown}
 p - a +4 ring of protection (left hand)
Wands
 n - a wand of polymorph (2)
 q - a wand of iceblast (6)
 r - a wand of acid (7)
Scrolls
 c - 3 scrolls of remove curse
 e - 3 scrolls of amnesia
 g - a scroll of immolation
 h - 3 scrolls of magic mapping
 l - 12 scrolls of identify


   Skills:
 + Level 2.6 Fighting
 + Level 2.5 Maces & Flails
 + Level 3.1 Dodging
 + Level 2.0 Stealth
 + Level 8.8 Spellcasting
 * Level 9.8 Necromancy


You had 12 spell levels left.
You knew the following spells:

 Your Spells              Type           Power        Failure   Level
a - Pain                  Necr           100%         1%          1
b - Vampiric Draining     Necr           20%          1%          3
c - Animate Dead          Necr           20%          1%          4
d - Agony                 Necr           41%          4%          5

Your spell library contained the following spells:

 Spells                   Type           Power        Failure   Level
 Animate Skeleton         Necr           82%          1%          1
 Magic Dart               Conj           28%          10%         1
 Blink                    Tloc           N/A          14%         2
 Call Imp                 Summ           7%           14%         2
 Slow                     Hex            7%           14%         2
 Conjure Flame            Conj/Fire      7%           28%         3
 Mephitic Cloud           Conj/Pois/Air  7%           28%         3


Dungeon Overview and Level Annotations

Branches:
Dungeon (7/15)
 Temple: D:4-7

Altars:
Dithmenos
Nemelex Xobeh
Ru
Xom

Shops:
D:4 *


Innate Abilities, Weirdness & Mutations

You do not drink.
Your flesh is vulnerable to fire.
You are immune to poison.
Your flesh is cold resistant. (rC+)
You are immune to negative energy. (rN+++)
You are immune to unholy pain and torment.
You can survive without breathing.


Message History

You feel life coursing into your body. The orc hits you but does no damage.
The gnoll closely misses you. The orc barely misses you.
Found a +0 short sword.
Items here: )))) [ †.
Your orc zombie hits the orc.
The orc misses you.
The gnoll hits your orc zombie with a +0 halberd!
Your orc zombie is destroyed!
You can't drink.
Okay, then.
Okay, then.
Casting: Vampiric Draining (safe; 1% risk of failure)
Confirm with . or Enter, or press ? or * to list all spells.
Aiming: Vampiric Draining (safe; 1% risk of failure)
Press: ? - help, Shift-Dir - straight line, f - orc
Aim: an orc, wielding a +0 falchion (moderately wounded)
You kill the orc!
You feel life coursing into your body.
The gnoll hits you from afar with a +0 halberd!
You die...

##### # ##....#.# ....#
#########.......# ....#
#......<.?......#
....###...[............#
....##..#)).# ##@......#
###..#..#)#.###.........
.##....g#)#).og......#..
..#..$.##)#..........#
..!..))†.))Y.........#
#....#####)..........#
.....................#
##...................#
##........=..........#


You could see a sky beast, a gnoll and an orc.

Vanquished Creatures
  Pikel (D:5)
  Prince Ribbit (D:6)
  Edmund (D:4)
  Menkaure (D:6)
  Duvessa (D:5)
  A sky beast (D:5)
  3 ogres
  5 bullfrogs
  Dowan (D:5)
  A scorpion (D:6)
  2 howler monkeys
  2 bullfrog zombies (D:4)
  2 centaur zombies (D:4)
  2 hounds
  3 orc priests
  A bullfrog skeleton (D:4)
  Jessica (D:3)
  An iguana (D:4)
  6 orc wizards
  2 worker ants (D:6)
  A worker ant zombie (D:4)
  6 gnolls
  2 adders
  A worm (D:4)
  A dart slug (D:3)
  5 leopard geckos
  28 orcs
  6 bats
  7 giant cockroaches
  9 goblins
  9 hobgoblins
  18 jackals
  4 kobolds
  2 quokkas
  A ball python (D:3)
  4 frilled lizards
  A jackal skeleton (D:4)
  A jackal zombie (D:5)
  2 quokka skeletons (D:4)
  4 rats
150 creatures vanquished.

Vanquished Creatures (collateral kills)
  3 orcs (D:7)
3 creatures vanquished.

Vanquished Creatures (others)
  An orc wizard (D:7)
  A withered plant (D:4)
2 creatures vanquished.

Grand Total: 155 creatures vanquished

Notes
Turn   | Place    | Note
-------+----------+-------------------------------------------
     0 | D:1      | Gabide the Mummy Necromancer began the quest for the Orb.
     0 | D:1      | Reached XP level 1. HP: 13/13 MP: 4/4
   487 | D:1      | Reached XP level 2. HP: 19/19 MP: 1/6
  1078 | D:1      | Reached XP level 3. HP: 24/24 MP: 2/7
  2239 | D:2      | Reached skill level 5 in Necromancy
  2422 | D:2      | Learned a level 3 spell: Vampiric Draining
  2648 | D:3      | Reached XP level 4. HP: 30/30 MP: 6/9
  2680 | D:3      | Learned a level 4 spell: Animate Dead
  3284 | D:3      | Noticed Jessica
  3290 | D:3      | Killed Jessica
  3291 | D:3      | Reached XP level 5. HP: 35/35 MP: 3/11
  3606 | D:3      | Found a shimmering altar of Xom.
  4001 | D:3      | Reached skill level 1 in Fighting
  4108 | D:4      | Reached skill level 5 in Spellcasting
  4236 | D:4      | Noticed Edmund
  4254 | D:4      | Killed Edmund
  4255 | D:4      | Reached XP level 6. HP: 35/43 MP: 0/14
  4453 | D:4      | Found Fimoxot's Assorted Antiques.
  4462 | D:4      | Bought 2 scrolls of identify for 116 gold pieces
  4473 | D:4      | Learned a level 5 spell: Agony
  4480 | D:4      | Reached skill level 6 in Necromancy
  4647 | D:4      | Found a sacrificial altar of Ru.
  4761 | D:4      | Reached skill level 1 in Maces & Flails
  5234 | D:4      | Reached XP level 7. HP: 33/49 MP: 14/16
  5470 | D:5      | Entered Level 5 of the Dungeon
  6021 | D:5      | Noticed Pikel
  6041 | D:5      | Killed Pikel
  6042 | D:5      | Reached skill level 7 in Necromancy
  6042 | D:5      | Reached XP level 8. HP: 29/56 MP: 2/18
  6211 | D:5      | Reached skill level 8 in Necromancy
  6459 | D:5      | Noticed Duvessa
  6459 | D:5      | Noticed Dowan
  6466 | D:5      | Killed Duvessa
  6474 | D:5      | Killed Dowan
  6660 | D:5      | Found a sparkling altar of Nemelex Xobeh.
  7068 | D:6      | Noticed Prince Ribbit
  7077 | D:6      | Killed Prince Ribbit
  7078 | D:6      | Reached skill level 9 in Necromancy
  7401 | D:6      | Found a shadowy altar of Dithmenos.
  7506 | D:6      | Noticed Menkaure
  7511 | D:6      | Killed Menkaure
  7512 | D:6      | Reached XP level 9. HP: 50/62 MP: 21/21
  8438 | D:7      | Slain by a gnoll

Illustrated notes

Levels and vault maps discovered:
D:1:      dpeg_arrival_houses_and_road, layout_loops_corners,
          grunt_decor_one_mirror, chequers_avenue, nrook_loot_triangle
D:2:      layout_loops_ring
D:3:      layout_basic, tgw_xom, uniq_jessica
D:4:      layout_cave_pools, serial_undead, serial_undead_a, serial_undead_b,
          serial_undead_f, serial_undead_e, serial_undead_c, serial_undead_c,
          serial_shops, nicolae_shop_stone, nicolae_ru_sacrificial_ziggurat,
          uniq_edmund
D:5:      layout_basic, nemelex_diamond_rough_becter, uniq_duvessa, uniq_pikel
D:6:      layout_basic, serial_corexii_hall, corexii_hall_statues_x,
          chequers_hall_statues_y, nicolae_dithmenos_through_a_glass_darkly,
          uniq_menkaure, uniq_prince_ribbit1
D:7:      layout_rooms, minmay_temple_entry_mist

Skill      XL: |  1  2  3  4  5  6  7  8  9 |
---------------+----------------------------+-----
Spellcasting   | 3 4 5 6 7 8 |  8.8
Necromancy     | 5 6 7 9 |  9.8
Fighting       | 1 2 |  2.6
Maces & Flails | 1 2 |  2.5
Dodging        | 2 3 |  3.1
Stealth        | 2 |  2.0

Action                   |  1- 3 |  4- 6 |  7- 9 || total
-------------------------+-------+-------+-------++-------
Melee: Unarmed           |     6 |       |       ||     6
       Mace              |    21 |    12 |       ||    33
       Morningstar       |       |    10 |       ||    10
       Dire flail        |       |    28 |    97 ||   125
 Cast: Pain              |    78 |   102 |    91 ||   271
       Vampiric Draining |       |     4 |    28 ||    32
       Agony             |       |       |     3 ||     3
       Animate Dead      |       |       |     1 ||     1
  Use: Scroll            |     4 |     4 |     6 ||    14
 Stab: Sleeping          |       |     1 |       ||     1
       Distracted        |       |       |     1 ||     1
Armor: Robe              |    28 |    48 |   115 ||   191
Dodge: Dodged            |    38 |    78 |   180 ||   296
